 Dungeon Crawl Stone Soup version 0.30.1-9-gdf580d7c3d (webtiles) character file.

Game seed: 17315993842956327379

25 pop123321pop the Ogre Mage (level 3, 0/31 HPs)
             Began as an Ogre Air Elementalist on Sept 30, 2023.
             Slain by Terence
             ... wielding a +0 flail
              (5 damage)
             ... on level 2 of the Dungeon.
             The game lasted 00:03:32 (1176 turns).

pop123321pop the Ogre Mage (Ogre Air Elementalist)  Turns: 1176, Time: 00:03:32

Health: 0/31       AC:  3    Str: 12    XL:     3   Next: 4%
Magic:  1/7        EV: 10    Int: 16    God:
Gold:   81         SH:  0    Dex: 11    Spells: 7/8 levels left

rFire   . . .        e - +0 club
rCold   . . .        (no shield)
rNeg    . . .        a - +0 robe
rPois   .            (helmet restricted)
rElec   .            (no cloak)
rCorr   .            (gloves unavailable)
SInv    .            (boots unavailable)
Will    .....        (no amulet)
Stlth   ++           (no ring)
HPRegen 0.25/turn    (no ring)
MPRegen 0.10/turn

%: no passive effects
@: no status effects
A: large, unfitting armour, tough skin 1
a: no special abilities


You were on level 2 of the Dungeon.
You visited 1 branch of the dungeon, and saw 2 of its levels.

You collected 81 gold pieces.

Inventory:

Hand Weapons
 e - a +0 club (weapon)
Armour
 a - a +0 robe (worn)
Scrolls
 c - a scroll of immolation {unknown}
 d - a scroll of enchant armour {unknown}
 i - a scroll of identify {unknown}
 j - a scroll of magic mapping {unknown}
 l - 3 scrolls of poison {unknown}
 m - a scroll of blinking {unknown}
Potions
 b - a potion of magic
 f - a potion of curing {unknown}
 g - a potion of haste {unknown}
 h - a potion of flight {unknown}
 k - a potion of lignification {unknown}


   Skills:
 + Level 0.7 Maces & Flails
 - Level 1.7 Dodging
 - Level 1.4 Stealth
 * Level 3.4 Spellcasting
 - Level 1.3 Conjurations
 - Level 2.6 Air Magic


You had 7 spell levels left.
You knew the following spells:

 Your Spells              Type           Power      Damage    Failure   Level
a - Shock                 Conj/Air       36%        1d5       8%          1

Your spell library contained the following spells:

 Spells                   Type           Power      Damage    Failure   Level
 Static Discharge         Conj/Air       18%        2-3/arc   12%         2
 Swiftness                Air            11%        N/A       19%         3
 Airstrike                Air            5%         2d(1-17)  52%         4
 Summon Lightning Spire   Summ/Air       7%         N/A       71%         4


Dungeon Overview and Level Annotations

Branches:
Dungeon (2/15)

Altars:

Annotations:
D:2 Terence


Innate Abilities, Weirdness & Mutations

You are too large for most types of armour.
You have tough skin. (AC +1)


Message History

That beam is likely to hit you.
Continue anyway? [Y]es or [N]o only, please.
That beam is likely to hit you.
Continue anyway? [Y]es or [N]o only, please.
That beam is likely to hit you.
Continue anyway? [Y]es or [N]o only, please.
That beam is likely to hit you.
Continue anyway? [Y]es or [N]o only, please.
That beam is likely to hit you.
Continue anyway?
Okay, then.
Casting: Shock (safe; 8% risk of failure)
Confirm with . or Enter, or press ? or * to list all spells.
Aiming: Shock (safe; 8% risk of failure)
Press: ? - help, Shift-Dir - straight line, f/p - Terence
Aim: Terence, wielding a +0 flail and wearing a +0 scale mail (heavily wounded, 72% to hit)
The zap misses Terence.
Terence closely misses you. Terence attacks as you move away!
Terence barely misses you.
You hit Terence.
Terence is severely wounded.
Terence barely misses you. Terence hits you with a +0 flail.
You hit Terence but do no damage.
Terence is severely wounded.
Terence closely misses you.
You hit Terence.
Terence is severely wounded.
Terence closely misses you.
You hit Terence.
Terence is almost dead.
Terence barely misses you.
You closely miss Terence.
Terence is almost dead.
Terence hits you with a +0 flail. Terence barely misses you.
You hit Terence.
Terence is almost dead.
Terence hits you with a +0 flail!
* * * LOW HITPOINT WARNING * * *
You closely miss Terence.
Terence is almost dead.
Terence hits you with a +0 flail.
You die...

.. ..
.######
..... .>...
# #...###
#.#.#.#..
#.#.#@#.#
.###...#@#.#
...!.#.#†#.#
...........#
.....##....#
...........#
##########.#
#.# #.#


You could see Terence.

Vanquished Creatures
  A ball python (D:2)
  A bat (D:1)
  An endoplasm (D:2)
  2 giant cockroaches
  4 goblins (D:1)
  4 hobgoblins
  3 quokkas (D:1)
  2 kobolds
  A rat (D:1)
19 creatures vanquished.

Notes
Turn   | Place    | Note
-------+----------+-------------------------------------------
     0 | D:1      | pop123321pop the Ogre Air Elementalist began the quest for
                  | the Orb.
     0 | D:1      | Reached XP level 1. HP: 16/16 MP: 3/3
    52 | D:1      | Reached skill level 1 in Conjurations
   256 | D:1      | Reached XP level 2. HP: 24/24 MP: 2/5
   408 | D:1      | Reached skill level 3 in Spellcasting
  1117 | D:2      | Reached XP level 3. HP: 31/31 MP: 5/7
  1156 | D:2      | Noticed Terence
  1176 | D:2      | Slain by Terence

Illustrated notes

Levels and vault maps discovered:
D:1:      scummos_arrival_forest, layout_basic, minmay_quantized
D:2:      layout_basic, minmay_goblin_outpost, uniq_terence, uniq_sigmund

Skill      XL: |  1  2 |
---------------+-------+-----
Conjurations   | 1 |  1.3
Spellcasting   | 3 |  3.4
Maces & Flails | |  0.7
Dodging        | |  1.7
Stealth        | |  1.4
Air Magic      | |  2.6

Action                     || total
---------------------------++-------
  Melee: Club              ||    75
         Unarmed           ||     4
         Punch             ||     1
   Cast: Shock             ||    18
    Use: Potion            ||     1
 Armour: Robe              ||    26
  Dodge: Dodged            ||    69
